 Dungeon Crawl Stone Soup version 0.27.1-34-g3ba077fa99 (webtiles) character file.

Game seed: 9896033142345547195

718 ticklebelly the Skirmisher (level 7, 0/63 HPs)
             Began as a Minotaur Berserker on Jan 4, 2022.
             Was a Believer of Trog.
             Slain by a two-headed ogre (5 damage)
             ... on level 5 of the Dungeon.
             The game lasted 00:06:50 (4578 turns).

ticklebelly the Skirmisher (Minotaur Berserker)     Turns: 4578, Time: 00:06:51

Health: 0/63       AC:  9    Str: 23    XL:     7   Next: 42%
Magic:  6/6        EV:  9    Int:  4    God:    Trog [**....]
Gold:   257        SH:  0    Dex: 10    Spells: 6/6 levels left

rFire    + . .     SeeInvis .   o - +0 war axe
rCold    . . .     Faith    .   (no shield)
rNeg     . . .     Spirit   .   k - +0 chain mail
rPois    .         Reflect  .   (helmet restricted)
rElec    .         Harm     .   (no cloak)
rCorr    .         Rampage  .   (no gloves)
Will     +....                  (no boots)
Stlth    ..........             (no amulet)
HPRegen  0.20/turn              d - ring of willpower
MPRegen  0.10/turn              q - ring of protection from fire

@: no status effects
A: horns 2, retaliatory headbutt
a: Renounce Religion, Berserk, Trog's Hand


You were on level 5 of the Dungeon.
You worshipped Trog.
Trog was pleased with you.
You visited 1 branch of the dungeon, and saw 5 of its levels.

You collected 257 gold pieces.

Inventory:

Hand Weapons
 o - a +0 war axe (weapon)
Missiles
 a - 2 silver boomerangs (quivered)
Armour
 f - a +0 tower shield
 k - a +0 chain mail (worn)
Jewellery
 d - a ring of willpower (left hand)
 q - a ring of protection from fire (right hand)
 r - a ring of ice
Scrolls
 b - a scroll of teleportation {unknown}
 c - 2 scrolls of identify {unknown}
 g - a scroll of vulnerability {unknown}
 i - a scroll of fear {unknown}
 j - a scroll of noise {unknown}
 m - a scroll of enchant armour {unknown}
 p - a scroll of fog {unknown}
Potions
 e - a potion of mutation {unknown}
 h - a potion of berserk rage {unknown}
 l - a potion of flight {unknown}
 n - 2 potions of heal wounds {unknown}


   Skills:
 + Level 6.1 Fighting
 + Level 6.0 Axes
 + Level 5.4 Armour
 + Level 4.9 Dodging


You had 6 spell levels left.
You didn't know any spells.
Your spell library was empty.

Dungeon Overview and Level Annotations

Branches:
Dungeon (5/15)             Temple (0/1) D:4

Altars:
Elyvilon
Makhleb
Qazlal
Ru
Zin

Shops:
D:4 *


Innate Abilities, Weirdness & Mutations

You have a pair of horns on your head.
You reflexively headbutt those who attack you in melee.


Message History

Trog accepts your kill.
You now have 257 gold pieces (gained 10).
A kobold comes into view. It is wielding a +0 dagger.
Found a stone staircase leading down.
The kobold shouts!
The kobold barely misses you.
You hit the kobold.
You kill the kobold!
Trog accepts your kill.
Things that are here:
a +0 dagger; a kobold corpse Done exploring.
(D) Dungeon (T) Temple
Where to? (Enter - D:4, ? - help)
There is a stone staircase leading down here.
You climb downwards.
Found a whip.
There is a stone staircase leading up here.
Found 18 arrows.
A two-headed ogre comes into view.
It is wielding two +0 giant spiked clubs.
The two-headed ogre shouts in stereo!
You slash the two-headed ogre! You headbutt the two-headed ogre.
The two-headed ogre is moderately wounded.
The two-headed ogre hits you with a +0 giant spiked club.
The two-headed ogre hits you but does no damage.
You barely miss the two-headed ogre. You headbutt the two-headed ogre!
The two-headed ogre is heavily wounded.
The two-headed ogre barely misses you.
The two-headed ogre completely misses you.
You hit the two-headed ogre but do no damage.
The two-headed ogre is heavily wounded.
The two-headed ogre hits you with a +0 giant spiked club!!
The two-headed ogre barely misses you.
You hit the two-headed ogre.
The two-headed ogre is heavily wounded.
The two-headed ogre hits you with a +0 giant spiked club!!
Ouch! That really hurt!
* * * LOW HITPOINT WARNING * * *
The two-headed ogre hits you with a +0 giant spiked club.
You die...

## #.## #..#
#..#
########.##
#.#.......###
#....#####..###
#..### ###..###
#...## ##.@O#
#....# ###.(#
#....## ##...
#.....# .##
#...).# #
#....## #<...#
#..### ####


You could see a two-headed ogre.

Vanquished Creatures
  The ghost of Fractals the Skirmisher, an amateur DrWr of Uskayaw (D:4)
  2 necrophages (D:4)
  An ogre (D:4)
  A scorpion (D:4)
  A hound (D:4)
  An iguana (D:4)
  A hound skeleton (D:4)
  3 gnolls
  2 adders
  An ufetubus (D:4)
  An adder skeleton (D:4)
  A worm (D:2)
  2 dart slugs
  6 orcs
  6 endoplasms
  2 giant cockroaches
  3 goblins
  4 hobgoblins
  5 jackals
  2 quokkas (D:4)
  4 ball pythons
  3 bats
  3 frilled lizards
  5 kobolds
  7 rats
68 creatures vanquished.

Notes
Turn   | Place    | Note
-------+----------+-------------------------------------------
     0 | D:1      | ticklebelly the Minotaur Berserker began the quest for the
                  | Orb.
     0 | D:1      | Reached XP level 1. HP: 19/19 MP: 0/0
   295 | D:1      | Reached XP level 2. HP: 21/27 MP: 1/1
  1170 | D:2      | Found a stormy altar of Qazlal.
  1210 | D:2      | Reached XP level 3. HP: 33/33 MP: 2/2
  1340 | D:2      | Found a faded altar of an unknown god.
  1720 | D:3      | Reached ** piety under Trog
  2356 | D:4      | Reached XP level 4. HP: 35/41 MP: 3/3
  2444 | D:4      | Found Reabut's Lightly-Used Armoury.
  2531 | D:4      | Found a white marble altar of Elyvilon.
  2607 | D:4      | Noticed a necrophage
  2610 | D:4      | Noticed a necrophage
  2616 | D:4      | Killed a necrophage
  2617 | D:4      | Reached XP level 5. HP: 28/47 MP: 4/4
  2619 | D:4      | Killed a necrophage
  2620 | D:4      | Reached skill level 5 in Fighting
  2620 | D:4      | Reached skill level 5 in Axes
  2697 | D:4      | Reached XP level 6. HP: 45/56 MP: 5/5
  3369 | D:4      | Found a sacrificial altar of Ru.
  3381 | D:4      | Found a glowing silver altar of Zin.
  3929 | D:4      | Found a runed translucent door.
  3929 | D:4      | Noticed Fractals's ghost (amateur DrWr)
  3974 | D:4      | Killed Fractals's ghost
  3975 | D:4      | Reached skill level 5 in Armour
  3975 | D:4      | Reached XP level 7. HP: 29/63 MP: 6/6
  4425 | D:4      | Found a burning altar of Makhleb.
  4490 | D:4      | Found a staircase to the Ecumenical Temple.
  4552 | D:5      | Entered Level 5 of the Dungeon
  4571 | D:5      | Noticed a two-headed ogre
  4578 | D:5      | Slain by a two-headed ogre

Illustrated notes

Levels and vault maps discovered:
D:1:      zaba_arrival_water, layout_loops_corners, minmay_misc_feat_five
D:2:      layout_rooms, shapermc_ecumenical_altar_rom_forum, basic_altar,
          minmay_tetromino_s4
D:3:      layout_basic, chequers_serial_rivers_room_b
D:4:      minmay_door_path, layout_basic, nicolae_overflow_quartered_altars,
          minmay_temple_entry_statues_pillars, gammafunk_ghost_grave,
          st_stairs_13, minmay_shop_damaged
D:5:      layout_cave_pods, uniq_duvessa

Skill      XL: |  1  2  3  4  5  6 |
---------------+-------------------+-----
Fighting       | 4 5 6 |  6.1
Axes           | 4 5 6 |  6.0
Armour         | 3 4 5 |  5.4
Dodging        | 3 4 |  4.9

Action                   |  1- 3 |  4- 6 |  7- 9 || total
-------------------------+-------+-------+-------++-------
Melee: Hand axe          |    73 |    24 |       ||    97
       Headbutt          |    14 |    19 |     2 ||    35
       War axe           |       |    77 |     7 ||    84
Invok: Berserk           |       |     2 |       ||     2
       Trog's Hand       |       |     1 |       ||     1
Armor: Ring mail         |    22 |       |       ||    22
       Chain mail        |     6 |    53 |     1 ||    60
Dodge: Dodged            |    34 |    56 |     5 ||    95
